Condors vs Crunch
Created - February 16, 2022 at 23:18
Goals
|
| Condors |
2 |
0 |
0 |
2 |
| Crunch |
2 |
1 |
1 |
4 |
|
Shots
|
| Condors |
17 |
6 |
3 |
26 |
| Crunch |
23 |
6 |
1 |
30 |
|
1st period
1. Crunch , Max McCormick 2 (Jayson Megna 4, Anatoli Golyshev 4) at 5:02
2. Crunch , Dylan Strome 6 (Michael Ferland 3, Jared Staal 1) at 7:32 (PP)
3. Condors , Kiefer Sherwood 10 (Mark Jankowski 13, Robby Fabbri 9) at 15:10
4. Condors , Frederik Gauthier 3 (Adam Erne 7, Zac Leslie 18) at 15:49
Penalties :
Anton Slepyshev (Bak) for Holding Stick (Minor) at 6:55
2nd period
5. Crunch , Anthony Cirelli 8 (Teemu Hartikainen 15, Brock Boeser 30) at 2:31
Penalties :
Jesse Puljujarvi (Bak) for Hooking (Minor) at 5:12, Mitch Callahan (Syr) for Roughing (Minor) at 16:10
3rd period
6. Crunch , Dylan Strome 7 (Noah Hanifin 19, Max McCormick 2) at 19:22
Penalties :
Michael Ferland (Syr) for Roughing (Double Minor) at 2:07
Goalie Stats
Mark Visentin (Bak), 26 saves from 30 shots - (0.867), L, 3-6-0, 60:00 minutes
Josef Korenar (Syr), 24 saves from 26 shots - (0.923), W, 3-8-1, 60:00 minutes
Players Stats for Condors
Player Name G A P +/- PIM S H SB GA TA FO MP PP MP PK MP
------------------------------------------------------------------------------------
Adam Erne 0 1 1 1 0 3 1 0 0 0 1/2 18:53 2:33 0:00
Alex Tuch 0 0 0 -2 0 4 0 1 0 0 1/1 18:16 2:37 0:37
Alexandre Carrier 0 0 0 -1 0 0 0 0 0 1 0/0 12:43 0:46 0:00
Anton Slepyshev 0 0 0 0 2 2 1 0 4 0 0/1 19:30 2:35 0:28
Brett Lernout 0 0 0 -1 0 1 0 0 0 0 0/0 12:43 0:46 0:00
C.J Suess 0 0 0 0 0 0 0 0 0 0 0/1 8:59 0:47 0:00
Carl Gunnarsson 0 0 0 0 0 2 2 0 0 1 0/0 21:51 2:47 1:16
Chris Bigras 0 0 0 0 0 1 0 1 0 0 0/0 17:34 2:25 1:20
Eric Gustafsson 0 0 0 0 0 0 0 1 0 0 0/0 17:34 2:25 1:20
Frederik Gauthier 1 0 1 1 0 3 0 0 0 0 12/24 23:20 2:34 1:38
Gustav Olofsson 0 0 0 0 0 0 0 0 0 0 0/0 7:52 0:00 0:00
Jesse Puljujarvi 0 0 0 -2 2 1 1 0 0 0 0/0 17:51 2:36 0:00
Kiefer Sherwood 1 0 1 1 0 2 4 0 0 0 1/2 13:38 0:00 0:22
Mark Jankowski 0 1 1 0 0 1 1 0 0 2 1/3 14:16 0:12 0:36
Nick Merkley 0 0 0 -1 0 0 1 0 0 0 0/0 8:29 0:37 0:00
Philippe Myers 0 0 0 0 0 0 0 0 0 0 0/0 7:52 0:00 0:00
Robby Fabbri 0 1 1 1 0 1 0 1 1 0 0/0 14:52 0:47 0:00
Tyler Bozak 0 0 0 -2 0 3 3 1 2 0 4/8 19:18 2:36 1:31
Zac Leslie 0 1 1 0 0 2 0 0 0 0 0/0 21:51 2:47 1:16
Players Stats for Crunch
Player Name G A P +/- PIM S H SB GA TA FO MP PP MP PK MP
------------------------------------------------------------------------------------
Anatoli Golyshev 0 1 1 1 0 0 0 0 0 0 0/0 9:38 0:00 0:40
Anthony Cirelli 1 0 1 0 0 3 0 0 0 0 8/13 23:43 1:14 2:35
Brendan Guhle 0 0 0 -1 0 1 0 2 0 0 0/0 19:18 1:12 2:45
Brock Boeser 0 1 1 0 0 5 1 0 1 2 0/0 18:55 1:13 0:40
Christoffer Ehn 0 0 0 -1 0 1 0 1 0 0 9/20 18:51 0:46 2:11
Dalton Smith 0 0 0 0 0 1 2 0 0 0 0/0 14:29 0:22 2:01
Dylan Strome 2 0 2 1 0 4 0 0 0 0 2/5 14:53 1:18 1:24
Jacob Larsson 0 0 0 1 0 0 1 0 0 0 0/0 5:39 0:00 0:00
Jared Staal 0 1 1 -1 0 0 0 0 0 0 1/1 5:07 0:17 0:00
Jayson Megna 0 1 1 1 0 0 0 0 0 0 2/2 10:12 0:07 0:00
Jeremy Lauzon 0 0 0 2 0 0 0 0 0 0 0/0 14:52 0:00 0:33
Jordan Oesterle 0 0 0 -1 0 0 0 1 2 0 0/0 21:57 1:24 2:40
Matt Roy 0 0 0 -1 0 1 0 1 0 1 0/0 18:42 1:12 2:45
Max McCormick 1 1 2 2 0 1 0 0 0 0 0/0 11:25 0:17 0:00
Michael Ferland 0 1 1 0 4 2 3 0 0 1 0/0 17:10 1:13 0:00
Mitch Callahan 0 0 0 0 2 0 2 0 0 0 0/0 11:06 0:00 0:00
Noah Hanifin 0 1 1 0 0 2 4 0 0 0 0/0 25:34 1:24 2:40
Sean Walker 0 0 0 2 0 0 0 0 0 2 0/0 14:25 0:00 0:33
Teemu Hartikainen 0 1 1 0 0 9 0 0 1 1 0/1 18:04 1:01 2:25
3 Stars
1 - Dylan Strome (Syr)
2 - Max McCormick (Syr)
3 - Kiefer Sherwood (Bak)
Power Play
Condors - 0 on 3 Attempt(s) - 0.00%
Crunch - 1 on 2 Attempt(s) - 50.00%
Penalty Kill
Condors - 1 on 2 Attempt(s) - 50.00%
- Score 0 goal in Penalty Kill
Crunch - 3 on 3 Attempt(s) - 100.00%
- Score 0 goal in Penalty Kill
Team Stat
Condors - Hits : 14 - Faceoff Wins : 20 - Blocked Shots : 5 - Penalty Minutes : 4
Crunch - Hits : 13 - Faceoff Wins : 22 - Blocked Shots : 5 - Penalty Minutes : 6
Official
Referees : Francis Charron and Francois St. Laurent
Linesman : Shandor Alphonso and Libor Suchanek
Game Notes
Jared Staal is injured at 16:16 of 1st period (Bruised Left Arm)
Finance
Level 1 -- Attendance: 1786 (89.30%) -- Ticket Income $62,510
Level 2 -- Attendance: 998 (99.80%) -- Ticket Income $14,970
Total Attendance: 2784 (92.80%)
Total Ticket Income: $77,480
Other Income: $3,874
Total Income: $81,354
Condors
5 vs 5 Forward
Center Left Wing Right Wing Time % Phy DF OF
1 Frederik Gauthier Anton Slepyshev Adam Erne 40 1 2 2
2 Tyler Bozak Alex Tuch Jesse Puljujarvi 30 1 2 2
3 Mark Jankowski Robby Fabbri Kiefer Sherwood 20 1 2 2
4 Frederik Gauthier C.J Suess Nick Merkley 10 1 2 2
5 vs 5 Defense
Defense Defense Time % Phy DF OF
1 Zac Leslie Carl Gunnarsson 40 1 2 2
2 Eric Gustafsson Chris Bigras 30 1 2 2
3 Brett Lernout Alexandre Carrier 20 1 2 2
4 Gustav Olofsson Philippe Myers 10 1 2 2
PowerPlay Forward
Center Left Wing Right Wing Time % Phy DF OF
1 Frederik Gauthier Anton Slepyshev Adam Erne 60 1 2 2
2 Tyler Bozak Alex Tuch Jesse Puljujarvi 40 1 2 2
PowerPlay Defense
Defense Defense Time % Phy DF OF
1 Zac Leslie Carl Gunnarsson 60 1 2 2
2 Eric Gustafsson Chris Bigras 40 1 2 2
Penalty Kill 4 Players Forward
Center Wing Time % Phy DF OF
1 Frederik Gauthier Tyler Bozak 60 1 2 2
2 Mark Jankowski Anton Slepyshev 40 1 2 2
Penalty Kill 4 Players Defense
Defense Defense Time % Phy DF OF
1 Zac Leslie Carl Gunnarsson 60 1 2 2
2 Eric Gustafsson Chris Bigras 40 1 2 2
Penalty Kill - 3 Players Forward
Forward Time % Phy DF OF
1 Frederik Gauthier 60 1 2 2
2 Tyler Bozak 40 1 2 2
Penalty Kill - 3 Players Defense
Defense Defense Time % Phy DF OF
1 Zac Leslie Carl Gunnarsson 60 1 2 2
2 Eric Gustafsson Chris Bigras 40 1 2 2
4 vs 4 Forward
Center Wing Time % Phy DF OF
1 Frederik Gauthier Tyler Bozak 60 1 2 2
2 Mark Jankowski Anton Slepyshev 40 1 2 2
4 vs 4 Defense
Defense Defense Time % Phy DF OF
1 Zac Leslie Carl Gunnarsson 60 1 2 2
2 Eric Gustafsson Chris Bigras 40 1 2 2
Last Minutes Offensive
Center Left Wing Right Wing Defense Defense
Frederik Gauthier Anton Slepyshev Adam Erne Zac Leslie Carl Gunnarsson
Last Minutes Defensive
Center Left Wing Right Wing Defense Defense
Frederik Gauthier Anton Slepyshev Adam Erne Zac Leslie Carl Gunnarsson
Goaltenders
Starting : Mark Visentin
Backup : Ilya Samsonov
Extra Forwards
Normal : Robby Fabbri, C.J Suess, Kiefer Sherwood - PP : Robby Fabbri, C.J Suess - PK : Kiefer Sherwood
Extra Defensemen
Normal : Brett Lernout, Alexandre Carrier, Gustav Olofsson - PP : Brett Lernout - PK : Alexandre Carrier, Gustav Olofsson
Penalty Shots
Frederik Gauthier, Tyler Bozak, Mark Jankowski, Anton Slepyshev, Alex Tuch
Scratches
Anders Bjork (Healthy), Christian Thomas (Healthy), Cole Cassels (Healthy), Colin White (Healthy), Connor Hurley (Healthy)
Daniel Zaar (Fractured Orbital Bone Injury), Emil Djuse (Healthy), Jeremy Gregoire (Healthy), Jordan Subban (Healthy), Louis Leblanc (Healthy)
Remi Elie (Healthy), Nikolai Knyzhov (Healthy), Lucas Johansen (Healthy), Jack Campbell (Healthy)
Crunch
5 vs 5 Forward
Center Left Wing Right Wing Time % Phy DF OF
1 Anthony Cirelli Teemu Hartikainen Brock Boeser 40 1 2 2
2 Christoffer Ehn Michael Ferland Jared Staal 30 1 2 2
3 Dylan Strome Dalton Smith Mitch Callahan 20 1 2 2
4 Jayson Megna Anatoli Golyshev Max McCormick 10 1 2 2
5 vs 5 Defense
Defense Defense Time % Phy DF OF
1 Noah Hanifin Jordan Oesterle 40 1 2 2
2 Brendan Guhle Matt Roy 30 1 2 2
3 Jeremy Lauzon Sean Walker 20 1 2 2
4 Jacob Larsson Noah Hanifin 10 1 2 2
PowerPlay Forward
Center Left Wing Right Wing Time % Phy DF OF
1 Anthony Cirelli Teemu Hartikainen Brock Boeser 60 1 2 2
2 Dylan Strome Michael Ferland Jared Staal 40 1 2 2
PowerPlay Defense
Defense Defense Time % Phy DF OF
1 Noah Hanifin Jordan Oesterle 60 1 2 2
2 Brendan Guhle Matt Roy 40 1 2 2
Penalty Kill 4 Players Forward
Center Wing Time % Phy DF OF
1 Anthony Cirelli Teemu Hartikainen 60 1 2 2
2 Christoffer Ehn Brock Boeser 40 1 2 2
Penalty Kill 4 Players Defense
Defense Defense Time % Phy DF OF
1 Noah Hanifin Jordan Oesterle 60 1 2 2
2 Brendan Guhle Matt Roy 40 1 2 2
Penalty Kill - 3 Players Forward
Forward Time % Phy DF OF
1 Anthony Cirelli 60 1 2 2
2 Christoffer Ehn 40 1 2 2
Penalty Kill - 3 Players Defense
Defense Defense Time % Phy DF OF
1 Noah Hanifin Jordan Oesterle 60 1 2 2
2 Brendan Guhle Matt Roy 40 1 2 2
4 vs 4 Forward
Center Wing Time % Phy DF OF
1 Anthony Cirelli Teemu Hartikainen 60 1 2 2
2 Dylan Strome Michael Ferland 40 1 2 2
4 vs 4 Defense
Defense Defense Time % Phy DF OF
1 Noah Hanifin Jordan Oesterle 60 1 2 2
2 Brendan Guhle Matt Roy 40 1 2 2
Last Minutes Offensive
Center Left Wing Right Wing Defense Defense
Anthony Cirelli Teemu Hartikainen Brock Boeser Noah Hanifin Jordan Oesterle
Last Minutes Defensive
Center Left Wing Right Wing Defense Defense
Christoffer Ehn Teemu Hartikainen Brock Boeser Noah Hanifin Jordan Oesterle
Goaltenders
Starting : Josef Korenar
Backup : Kaapo Kahkonen
Extra Forwards
Normal : Christoffer Ehn, Michael Ferland, Jared Staal - PP : Christoffer Ehn, Michael Ferland - PK : Christoffer Ehn
Extra Defensemen
Normal : Jeremy Lauzon, Sean Walker, Jacob Larsson - PP : Jeremy Lauzon - PK : Jeremy Lauzon, Sean Walker
Penalty Shots
Teemu Hartikainen, Brock Boeser, Jayson Megna, Anthony Cirelli, Christoffer Ehn
Scratches
Charles-Olivier Roussel (Healthy), Kyle Capobianco (Healthy), Michael Downing (Healthy), Connor Bunnaman (Healthy)
% Time on Ice - Condors
Lines # - Real PCT - Wanted PCT - Time Play
Normal Forward
1 - 31% - 40% - 15:39
2 - 34% - 30% - 17:03
3 - 23% - 20% - 11:40
4 - 13% - 10% - 6:29
Normal Defense
1 - 35% - 40% - 17:48
2 - 27% - 30% - 13:49
3 - 22% - 20% - 11:22
4 - 15% - 10% - 7:52
PP Forward
1 - 55% - 60% - 3:17
2 - 45% - 40% - 2:41
PP Defense
1 - 47% - 60% - 2:47
2 - 53% - 40% - 3:11
PK Forward
1 - 82% - 60% - 2:08
2 - 18% - 40% - 0:28
PK Defense
1 - 49% - 60% - 1:16
2 - 51% - 40% - 1:20
PK3 Forward
1 - 0% - 60%
2 - 0% - 40%
PK3 Defense
1 - 0% - 60%
2 - 0% - 40%
44 Forward
1 - 0% - 60%
2 - 0% - 40%
44 Defense
1 - 0% - 60%
2 - 0% - 40%
Last Minute Offensive - 0:35
Last Minute Defensive - 0:00
Total
Forward - 60:00
Defense - 60:00
|
% Time on Ice - Crunch
Lines # - Real PCT - Wanted PCT - Time Play
Normal Forward
1 - 27% - 40% - 13:49
2 - 37% - 30% - 18:35
3 - 19% - 20% - 9:43
4 - 17% - 10% - 8:47
Normal Defense
1 - 35% - 40% - 17:53
2 - 29% - 30% - 14:45
3 - 26% - 20% - 13:09
4 - 10% - 10% - 5:07
PP Forward
1 - 39% - 60% - 1:01
2 - 61% - 40% - 1:35
PP Defense
1 - 54% - 60% - 1:24
2 - 46% - 40% - 1:12
PK Forward
1 - 89% - 60% - 5:18
2 - 11% - 40% - 0:40
PK Defense
1 - 54% - 60% - 3:13
2 - 46% - 40% - 2:45
PK3 Forward
1 - 0% - 60%
2 - 0% - 40%
PK3 Defense
1 - 0% - 60%
2 - 0% - 40%
44 Forward
1 - 0% - 60%
2 - 0% - 40%
44 Defense
1 - 0% - 60%
2 - 0% - 40%
Last Minute Offensive - 0:00
Last Minute Defensive - 0:32
Total
Forward - 60:00
Defense - 60:00
|
Play-by-Play
1st period
0:01 of 1st period - Anthony Cirelli wins face-off versus Frederik Gauthier in neutral zone.
0:22 of 1st period - Teemu Hartikainen is hit by Anton Slepyshev and loses puck.
0:46 of 1st period - Slapshot by Teemu Hartikainen.
0:46 of 1st period - Stopped by Mark Visentin with a rebound.
0:53 of 1st period - Off-side.
0:54 of 1st period - Christoffer Ehn wins face-off versus Tyler Bozak in neutral zone.
1:15 of 1st period - Tyler Bozak is hit by Michael Ferland.
2:06 of 1st period - Icing by Michael Ferland.
2:07 of 1st period - Alex Tuch wins face-off versus Christoffer Ehn in Crunch zone.
3:19 of 1st period - Wrist shot by Kiefer Sherwood.
3:19 of 1st period - Stopped by Josef Korenar with a rebound.
3:39 of 1st period - Snap shot by Brock Boeser.
3:39 of 1st period - Deflect By Teemu Hartikainen.
3:39 of 1st period - Stopped by Mark Visentin with a rebound.
3:41 of 1st period - Slapshot by Noah Hanifin.
3:41 of 1st period - Stopped by Mark Visentin with a rebound.
3:43 of 1st period - Slapshot by Teemu Hartikainen.
3:43 of 1st period - Stopped by Mark Visentin with a rebound.
3:45 of 1st period - Slapshot by Noah Hanifin.
3:45 of 1st period - Deflect By Teemu Hartikainen.
3:45 of 1st period - Stopped by Mark Visentin without a rebound.
3:46 of 1st period - Christoffer Ehn wins face-off versus Tyler Bozak in Condors zone.
3:51 of 1st period - Slapshot by Michael Ferland.
3:51 of 1st period - Shot Misses the Net.
4:01 of 1st period - Slapshot by Michael Ferland.
4:01 of 1st period - Stopped by Mark Visentin without a rebound.
4:02 of 1st period - Anthony Cirelli wins face-off versus C.J Suess in Condors zone.
4:03 of 1st period - Wrist shot by Brock Boeser.
4:03 of 1st period - Stopped by Mark Visentin with a rebound.
4:17 of 1st period - Slapshot by C.J Suess.
4:17 of 1st period - Shot Misses the Net.
4:27 of 1st period - Jordan Oesterle is hit by Tyler Bozak and loses puck.
4:36 of 1st period - Slapshot by Alex Tuch.
4:36 of 1st period - Shot Blocked by Christoffer Ehn.
5:00 of 1st period - Snap shot by Jayson Megna.
5:00 of 1st period - Shot Blocked by Tyler Bozak.
5:02 of 1st period - Slapshot by Max McCormick.
5:02 of 1st period - Goal by Max McCormick - Condors : 0 - Crunch : 1.
5:03 of 1st period - Anthony Cirelli wins face-off versus Frederik Gauthier in neutral zone.
5:14 of 1st period - Slapshot by Anton Slepyshev.
5:14 of 1st period - Stopped by Josef Korenar with a rebound.
5:16 of 1st period - Slapshot by Zac Leslie.
5:16 of 1st period - Shot Misses the Net.
5:18 of 1st period - Snap shot by Zac Leslie.
5:18 of 1st period - Shot Misses the Net.
6:55 of 1st period - Minor Penalty to Anton Slepyshev for Holding Stick.
6:56 of 1st period - Frederik Gauthier wins face-off versus Anthony Cirelli in Condors zone.
7:32 of 1st period - Snap shot by Dylan Strome.
7:32 of 1st period - Goal by Dylan Strome - Condors : 0 - Crunch : 2.
7:33 of 1st period - Anthony Cirelli wins face-off versus Frederik Gauthier in neutral zone.
7:36 of 1st period - Slapshot by Teemu Hartikainen.
7:36 of 1st period - Shot Misses the Net.
7:40 of 1st period - Slapshot by Brock Boeser.
7:40 of 1st period - Stopped by Mark Visentin with a rebound.
7:48 of 1st period - Snap shot by Teemu Hartikainen.
7:48 of 1st period - Stopped by Mark Visentin with a rebound.
8:21 of 1st period - Slapshot by Tyler Bozak.
8:21 of 1st period - Stopped by Josef Korenar with a rebound.
8:23 of 1st period - Slapshot by Zac Leslie.
8:23 of 1st period - Stopped by Josef Korenar with a rebound.
8:46 of 1st period - Wrist shot by Matt Roy.
8:46 of 1st period - Stopped by Mark Visentin with a rebound.
9:06 of 1st period - Slapshot by Brock Boeser.
9:06 of 1st period - Stopped by Mark Visentin without a rebound.
9:07 of 1st period - Tyler Bozak wins face-off versus Christoffer Ehn in Condors zone.
9:20 of 1st period - Snap shot by Alex Tuch.
9:20 of 1st period - Deflect By Tyler Bozak.
9:20 of 1st period - Stopped by Josef Korenar with a rebound.
9:22 of 1st period - Slapshot by Tyler Bozak.
9:22 of 1st period - Shot Blocked by Jordan Oesterle.
9:34 of 1st period - Wrist shot by Anton Slepyshev.
9:34 of 1st period - Shot Misses the Net.
10:12 of 1st period - Off-side.
10:13 of 1st period - Tyler Bozak wins face-off versus Christoffer Ehn in neutral zone.
10:20 of 1st period - Snap shot by Jesse Puljujarvi.
10:20 of 1st period - Stopped by Josef Korenar with a rebound.
10:22 of 1st period - Slapshot by Carl Gunnarsson.
10:22 of 1st period - Shot Blocked by Brendan Guhle.
10:24 of 1st period - Wrist shot by Carl Gunnarsson.
10:24 of 1st period - Stopped by Josef Korenar with a rebound.
10:26 of 1st period - Slapshot by Zac Leslie.
10:26 of 1st period - Stopped by Josef Korenar with a rebound.
10:28 of 1st period - Snap shot by Alex Tuch.
10:28 of 1st period - Stopped by Josef Korenar with a rebound.
10:57 of 1st period - Snap shot by Dalton Smith.
10:57 of 1st period - Stopped by Mark Visentin with a rebound.
10:59 of 1st period - Snap shot by Dylan Strome.
10:59 of 1st period - Stopped by Mark Visentin with a rebound.
11:01 of 1st period - Wrist shot by Matt Roy.
11:01 of 1st period - Shot Blocked by Robby Fabbri.
11:03 of 1st period - Slapshot by Brendan Guhle.
11:03 of 1st period - Stopped by Mark Visentin without a rebound.
11:04 of 1st period - Jared Staal wins face-off versus Frederik Gauthier in Condors zone.
11:05 of 1st period - Wrist shot by Michael Ferland.
11:05 of 1st period - Shot Misses the Net.
11:37 of 1st period - Jared Staal is hit by Mark Jankowski and loses puck.
11:45 of 1st period - Off-side.
11:46 of 1st period - Frederik Gauthier wins face-off versus Anthony Cirelli in neutral zone.
12:09 of 1st period - Icing by Teemu Hartikainen.
12:10 of 1st period - Tyler Bozak wins face-off versus Anthony Cirelli in Crunch zone.
12:23 of 1st period - Snap shot by Teemu Hartikainen.
12:23 of 1st period - Shot Misses the Net.
12:27 of 1st period - Wrist shot by Teemu Hartikainen.
12:27 of 1st period - Stopped by Mark Visentin with a rebound.
12:29 of 1st period - Snap shot by Anthony Cirelli.
12:29 of 1st period - Stopped by Mark Visentin with a rebound.
12:31 of 1st period - Wrist shot by Brock Boeser.
12:31 of 1st period - Deflect By Tyler Bozak.
12:31 of 1st period - Shot Misses the Net.
12:31 of 1st period - Puck is out of play.
12:32 of 1st period - Frederik Gauthier wins face-off versus Dylan Strome in Condors zone.
12:32 of 1st period - Frederik Gauthier is hit by Dalton Smith.
13:08 of 1st period - Slapshot by Christoffer Ehn.
13:08 of 1st period - Stopped by Mark Visentin with a rebound.
13:19 of 1st period - Off-side.
13:20 of 1st period - Jayson Megna wins face-off versus Mark Jankowski in neutral zone.
13:51 of 1st period - Off-side.
13:52 of 1st period - Frederik Gauthier wins face-off versus Anthony Cirelli in neutral zone.
14:22 of 1st period - Wrist shot by Brock Boeser.
14:22 of 1st period - Stopped by Mark Visentin with a rebound.
14:30 of 1st period - Backhand shot by Teemu Hartikainen.
14:30 of 1st period - Stopped by Mark Visentin with a rebound.
14:56 of 1st period - Snap shot by Mark Jankowski.
14:56 of 1st period - Shot Blocked by Brendan Guhle.
14:58 of 1st period - Slapshot by Mark Jankowski.
14:58 of 1st period - Shot Misses the Net.
15:00 of 1st period - Slapshot by Brett Lernout.
15:00 of 1st period - Stopped by Josef Korenar with a rebound.
15:02 of 1st period - Slapshot by Brett Lernout.
15:02 of 1st period - Shot Misses the Net.
15:04 of 1st period - Wrist shot by Kiefer Sherwood.
15:04 of 1st period - Shot Blocked by Matt Roy.
15:10 of 1st period - Slapshot by Mark Jankowski.
15:10 of 1st period - Deflect By Kiefer Sherwood.
15:10 of 1st period - Goal by Kiefer Sherwood - Condors : 1 - Crunch : 2.
15:11 of 1st period - Frederik Gauthier wins face-off versus Christoffer Ehn in neutral zone.
15:16 of 1st period - Wrist shot by Frederik Gauthier.
15:16 of 1st period - Stopped by Josef Korenar with a rebound.
15:18 of 1st period - Wrist shot by Carl Gunnarsson.
15:18 of 1st period - Shot Misses the Net.
15:24 of 1st period - Snap shot by Frederik Gauthier.
15:24 of 1st period - Stopped by Josef Korenar without a rebound.
15:25 of 1st period - Frederik Gauthier wins face-off versus Dylan Strome in Crunch zone.
15:35 of 1st period - Off-side.
15:36 of 1st period - Frederik Gauthier wins face-off versus Christoffer Ehn in neutral zone.
15:38 of 1st period - Off-side.
15:39 of 1st period - Frederik Gauthier wins face-off versus Christoffer Ehn in neutral zone.
15:42 of 1st period - Christoffer Ehn is hit by Carl Gunnarsson and loses puck.
15:47 of 1st period - Snap shot by Adam Erne.
15:47 of 1st period - Shot Misses the Net.
15:49 of 1st period - Wrist shot by Frederik Gauthier.
15:49 of 1st period - Goal by Frederik Gauthier - Condors : 2 - Crunch : 2.
15:50 of 1st period - Christoffer Ehn wins face-off versus Frederik Gauthier in neutral zone.
16:15 of 1st period - Jared Staal is hit by Kiefer Sherwood and loses puck.
16:16 of 1st period - Jared Staal from Crunch is injured at 16:16 of 1st period (Bruised Left Arm).
16:17 of 1st period - Anthony Cirelli wins face-off versus Frederik Gauthier in Crunch zone.
16:17 of 1st period - Anthony Cirelli is hit by Adam Erne.
16:29 of 1st period - Snap shot by Anton Slepyshev.
16:29 of 1st period - Stopped by Josef Korenar with a rebound.
16:31 of 1st period - Wrist shot by Adam Erne.
16:31 of 1st period - Stopped by Josef Korenar with a rebound.
16:33 of 1st period - Slapshot by Carl Gunnarsson.
16:33 of 1st period - Stopped by Josef Korenar with a rebound.
16:50 of 1st period - Snap shot by Dylan Strome.
16:50 of 1st period - Shot Misses the Net.
17:02 of 1st period - Robby Fabbri is hit by Noah Hanifin and loses puck.
17:06 of 1st period - Icing by Philippe Myers.
17:07 of 1st period - Kiefer Sherwood wins face-off versus Christoffer Ehn in Condors zone.
17:34 of 1st period - Snap shot by Dylan Strome.
17:34 of 1st period - Shot Misses the Net.
17:36 of 1st period - Wrist shot by Mitch Callahan.
17:36 of 1st period - Shot Misses the Net.
17:38 of 1st period - Snap shot by Mitch Callahan.
17:38 of 1st period - Shot Misses the Net.
17:40 of 1st period - Slapshot by Noah Hanifin.
17:40 of 1st period - Stopped by Mark Visentin without a rebound.
17:41 of 1st period - Christoffer Ehn wins face-off versus Tyler Bozak in Condors zone.
17:42 of 1st period - Snap shot by Michael Ferland.
17:42 of 1st period - Shot Blocked by Chris Bigras.
17:44 of 1st period - Wrist shot by Anthony Cirelli.
17:44 of 1st period - Stopped by Mark Visentin without a rebound.
17:45 of 1st period - Christoffer Ehn wins face-off versus Tyler Bozak in Condors zone.
18:24 of 1st period - Anton Slepyshev is hit by Dalton Smith and loses puck.
Goals for this period are 2 for Condors vs 2 for Crunch.
Shots for this period are 17 for Condors vs 23 for Crunch.
2nd period
0:01 of 2nd period - Anthony Cirelli wins face-off versus Frederik Gauthier in neutral zone.
0:04 of 2nd period - Anton Slepyshev is hit by Noah Hanifin.
0:26 of 2nd period - Brock Boeser is hit by Kiefer Sherwood and loses puck.
0:37 of 2nd period - Slapshot by Mark Jankowski.
0:37 of 2nd period - Stopped by Josef Korenar with a rebound.
0:49 of 2nd period - Snap shot by Teemu Hartikainen.
0:49 of 2nd period - Shot Misses the Net.
0:51 of 2nd period - Snap shot by Anthony Cirelli.
0:51 of 2nd period - Shot Blocked by Alex Tuch.
0:53 of 2nd period - Snap shot by Anthony Cirelli.
0:53 of 2nd period - Shot Misses the Net.
0:55 of 2nd period - Wrist shot by Teemu Hartikainen.
0:55 of 2nd period - Stopped by Mark Visentin with a rebound.
1:13 of 2nd period - Wrist shot by Alex Tuch.
1:13 of 2nd period - Stopped by Josef Korenar with a rebound.
2:07 of 2nd period - Wrist shot by Alex Tuch.
2:07 of 2nd period - Stopped by Josef Korenar with a rebound.
2:15 of 2nd period - Wrist shot by Brock Boeser.
2:15 of 2nd period - Shot Misses the Net.
2:17 of 2nd period - Snap shot by Brock Boeser.
2:17 of 2nd period - Shot Misses the Net.
2:27 of 2nd period - Slapshot by Brock Boeser.
2:27 of 2nd period - Shot Misses the Net.
2:29 of 2nd period - Wrist shot by Anthony Cirelli.
2:29 of 2nd period - Deflect By Teemu Hartikainen.
2:29 of 2nd period - Stopped by Mark Visentin with a rebound.
2:31 of 2nd period - Slapshot by Anthony Cirelli.
2:31 of 2nd period - Goal by Anthony Cirelli - Condors : 2 - Crunch : 3.
2:32 of 2nd period - Christoffer Ehn wins face-off versus Frederik Gauthier in neutral zone.
2:41 of 2nd period - Wrist shot by Michael Ferland.
2:41 of 2nd period - Stopped by Mark Visentin without a rebound.
2:42 of 2nd period - Frederik Gauthier wins face-off versus Christoffer Ehn in Condors zone.
3:09 of 2nd period - Snap shot by Adam Erne.
3:09 of 2nd period - Shot Misses the Net.
3:39 of 2nd period - Snap shot by Michael Ferland.
3:39 of 2nd period - Shot Misses the Net.
3:51 of 2nd period - Slapshot by Adam Erne.
3:51 of 2nd period - Shot Misses the Net.
3:53 of 2nd period - Slapshot by Adam Erne.
3:53 of 2nd period - Shot Misses the Net.
3:55 of 2nd period - Slapshot by Chris Bigras.
3:55 of 2nd period - Stopped by Josef Korenar without a rebound.
3:56 of 2nd period - Mark Jankowski wins face-off versus Dylan Strome in Crunch zone.
4:07 of 2nd period - Wrist shot by Robby Fabbri.
4:07 of 2nd period - Stopped by Josef Korenar with a rebound.
5:12 of 2nd period - Minor Penalty to Jesse Puljujarvi for Hooking.
5:13 of 2nd period - Dylan Strome wins face-off versus Frederik Gauthier in Condors zone.
5:20 of 2nd period - Snap shot by Dylan Strome.
5:20 of 2nd period - Stopped by Mark Visentin with a rebound.
7:12 of 2nd period - Penalty to Jesse Puljujarvi is over, Jesse Puljujarvi is back on ice.
8:18 of 2nd period - Dalton Smith is hit by Kiefer Sherwood and loses puck.
10:05 of 2nd period - Mark Jankowski is hit by Mitch Callahan and loses puck.
11:07 of 2nd period - Kiefer Sherwood is hit by Mitch Callahan and loses puck.
11:54 of 2nd period - Icing by Anton Slepyshev.
11:55 of 2nd period - Jayson Megna wins face-off versus Mark Jankowski in Condors zone.
12:20 of 2nd period - Adam Erne is hit by Michael Ferland and loses puck.
12:26 of 2nd period - Icing by Adam Erne.
12:27 of 2nd period - Frederik Gauthier wins face-off versus Christoffer Ehn in Condors zone.
12:52 of 2nd period - Mitch Callahan is hit by Tyler Bozak and loses puck.
13:03 of 2nd period - Wrist shot by Tyler Bozak.
13:03 of 2nd period - Shot Misses the Net.
14:26 of 2nd period - Slapshot by Frederik Gauthier.
14:26 of 2nd period - Shot Misses the Net.
14:28 of 2nd period - Wrist shot by Adam Erne.
14:28 of 2nd period - Stopped by Josef Korenar with a rebound.
14:48 of 2nd period - Wrist shot by Tyler Bozak.
14:48 of 2nd period - Deflect By Sean Walker.
14:48 of 2nd period - Shot Misses the Net.
14:48 of 2nd period - Puck is out of play.
14:49 of 2nd period - Tyler Bozak wins face-off versus Anthony Cirelli in Crunch zone.
15:15 of 2nd period - Brock Boeser is hit by Carl Gunnarsson and loses puck.
15:28 of 2nd period - Snap shot by Teemu Hartikainen.
15:28 of 2nd period - Shot Blocked by Eric Gustafsson.
15:30 of 2nd period - Slapshot by Sean Walker.
15:30 of 2nd period - Deflect By Teemu Hartikainen.
15:30 of 2nd period - Shot Misses the Net.
15:30 of 2nd period - Puck is out of play.
15:31 of 2nd period - Christoffer Ehn wins face-off versus Anton Slepyshev in Condors zone.
15:32 of 2nd period - Wrist shot by Brock Boeser.
15:32 of 2nd period - Stopped by Mark Visentin without a rebound.
15:33 of 2nd period - Frederik Gauthier wins face-off versus Christoffer Ehn in Condors zone.
15:45 of 2nd period - Off-side.
15:46 of 2nd period - Christoffer Ehn wins face-off versus Frederik Gauthier in neutral zone.
16:10 of 2nd period - Minor Penalty to Mitch Callahan for Roughing.
16:11 of 2nd period - Anthony Cirelli wins face-off versus Frederik Gauthier in Crunch zone.
17:21 of 2nd period - Matt Roy is hit by Tyler Bozak and loses puck.
18:10 of 2nd period - Penalty to Mitch Callahan is over, Mitch Callahan is back on ice.
18:29 of 2nd period - Christoffer Ehn is hit by Kiefer Sherwood and loses puck.
Goals for this period are 0 for Condors vs 1 for Crunch.
Shots for this period are 6 for Condors vs 6 for Crunch.
3rd period
0:01 of 3rd period - Anthony Cirelli wins face-off versus Frederik Gauthier in neutral zone.
0:36 of 3rd period - Backhand shot by Alex Tuch.
0:36 of 3rd period - Stopped by Josef Korenar with a rebound.
0:38 of 3rd period - Slapshot by Zac Leslie.
0:38 of 3rd period - Deflect By Tyler Bozak.
0:38 of 3rd period - Stopped by Josef Korenar without a rebound.
0:39 of 3rd period - Dylan Strome wins face-off versus Kiefer Sherwood in Crunch zone.
1:45 of 3rd period - Alexandre Carrier is hit by Noah Hanifin and loses puck.
2:07 of 3rd period - Double Minor Penalty to Michael Ferland for Roughing.
2:08 of 3rd period - Adam Erne wins face-off versus Teemu Hartikainen in Crunch zone.
6:07 of 3rd period - Penalty to Michael Ferland is over, Michael Ferland is back on ice.
6:07 of 3rd period - Eric Gustafsson is hit by Michael Ferland and loses puck.
6:16 of 3rd period - Wrist shot by Michael Ferland.
6:16 of 3rd period - Shot Misses the Net.
16:05 of 3rd period - Anton Slepyshev is hit by Jacob Larsson and loses puck.
17:14 of 3rd period - Dalton Smith is hit by Jesse Puljujarvi and loses puck.
18:25 of 3rd period - Alex Tuch is hit by Brock Boeser and loses puck.
18:58 of 3rd period - Noah Hanifin is hit by Nick Merkley and loses puck.
19:07 of 3rd period - Mark Jankowski is hit by Noah Hanifin and loses puck.
19:22 of 3rd period - Wrist shot by Dylan Strome.
19:22 of 3rd period - Goal by Dylan Strome - Condors : 2 - Crunch : 4.
19:23 of 3rd period - Frederik Gauthier wins face-off versus Christoffer Ehn in neutral zone.
19:39 of 3rd period - Wrist shot by Adam Erne.
19:39 of 3rd period - Stopped by Josef Korenar without a rebound.
19:40 of 3rd period - Christoffer Ehn wins face-off versus Adam Erne in Crunch zone.
Goals for this period are 0 for Condors vs 1 for Crunch.
Shots for this period are 3 for Condors vs 1 for Crunch.